 Dungeon Crawl Stone Soup version 0.13-b1-54-gfe00c74 (webtiles) character file.

417 Goboxel the Chopper (level 6, -2/48 HPs)
             Began as a Human Fighter on Oct 11, 2013.
             Was an Initiate of Okawaru.
             Killed from afar by an orc wizard (7 damage)
             ... with a puff of flame
             ... on Level 5 of the Dungeon.
             The game lasted 00:11:08 (4009 turns).

Goboxel the Chopper (Human Fighter)                 Turns: 4009, Time: 00:11:09

HP  -2/48        AC 12     Str 19      XL: 6   Next: 75%
MP   5/5         EV  5     Int  8      God: Okawaru [......]
Gold 98          SH 19     Dex 12      Spells:  0 memorised,  5 levels left

Res.Fire  : . . .   See Invis. : .   a - +0 hand axe {=f}
Res.Cold  : . . .   Warding    : .   e - +0 chain mail
Life Prot.: . . .   Conserve   : .   c - +0 shield
Res.Poison: .       Res.Corr.  : .   s - +2 cap
Res.Elec. : .       Clarity    : .   t - +0 dwarf cloak
Sust.Abil.: . .     Spirit.Shd : .   (no gloves)
Res.Mut.  : .       Stasis     : .   (no boots)
Res.Rott. : .       Flight     : .   (no amulet)
Saprovore : . . .                    k - ring of protection from magic
                                     q - ring of wizardry

@: invisible, very slightly contaminated, somewhat resistant to hostile
enchantments, extremely unstealthy
A: no striking features
a: Renounce Religion


You were on level 5 of the Dungeon.
You worshipped Okawaru.
Okawaru was noncommittal.
You were hungry.

You visited 2 branches of the dungeon, and saw 6 of its levels.

You collected 78 gold pieces.

Inventory:

Hand weapons
 a - a +0,+0 hand axe (weapon) {=f}
 b - a -1,+1 orcish falchion
Missiles
 u - 16 arrows of flame
 y - 15 arrows
Armour
 c - a +0 shield (worn)
 e - a +0 chain mail (worn)
 s - a +2 cap (worn)
 t - a +0 dwarven cloak (worn)
Comestibles
 d - 2 bread rations
 h - an apple
 j - 3 pears
 o - a choko
Scrolls
 f - 2 scrolls of remove curse {unknown}
 g - a scroll of identify
 i - 2 scrolls of teleportation
 m - 2 scrolls of random uselessness {unknown}
 w - a scroll of recharging {unknown}
Jewellery
 k - a ring of protection from magic (right hand)
 q - a ring of wizardry (left hand)
 x - an uncursed ring of wizardry
Potions
 l - a potion of restore abilities {unknown}
 n - a potion of curing {unknown}
 p - a potion of paralysis {unknown}


   Skills:
 + Level 3.8 Fighting
 * Level 4.5 Axes
 + Level 4.1 Armour
 + Level 4.1 Shields


You had 5 spell levels left.
You didn't know any spells.

Dungeon Overview and Level Annotations

Branches:
Dungeon (5/27)             Temple (1/1) D:4

Altars:
Ashenzari
Cheibriados
Elyvilon
Fedhas
Kikubaaqudgha
Makhleb
Okawaru
Sif Muna
Trog
Vehumet
Xom
Yredelemnul
Zin
the Shining One


Message History

* * * LOW HITPOINT WARNING * * *
It hits you but does no damage.
Drink which item? (? for menu, Esc to quit)
You fade into invisibility!
It was a potion of invisibility.
It hits you but does no damage.
You are very lightly contaminated with residual magic.
You hit it but do no damage. It hits you but does no damage.
It hits you but does no damage.
You completely miss it.
You hear some strange, mumbled words.
A puff of flame appears from out of thin air!
The puff of flame misses you. It hits you but does no damage.
You completely miss it.
You hear some strange, mumbled words.
A puff of flame appears from out of thin air!
The puff of flame hits you!
* * * LOW HITPOINT WARNING * * *
You hear some strange, mumbled words.
The puff of flame hits you!
You die...

.. ####.## ......##
#.......# #.......#
#.......+
##.......#
#@.......#
#)%......#
#.##..#.##
#.##..#.# #
...#.##..#.##.##.
.................<.
...#.##....#####.
#......)..#
######.##.#


There were no monsters in sight!

Vanquished Creatures
  A hound (D:4)
  4 orc wizards
  A worker ant (D:4)
  Terence (D:2)
  4 adders
  3 worms
  4 giant geckos
  An ooze (D:3)
  14 orcs
  7 giant cockroaches
  8 goblins
  7 hobgoblins
  7 jackals
  A ball python (D:1)
  6 bats
  2 giant newts
  7 kobolds
  2 quokkas (D:3)
  4 rats
84 creatures vanquished.

Notes
Turn   | Place    | Note
--------------------------------------------------------------
     0 | D:1      | Goboxel, the Human Fighter, began the quest for the Orb.
     0 | D:1      | Reached XP level 1. HP: 18/18 MP: 0/0
   251 | D:1      | Reached XP level 2. HP: 18/24 MP: 1/1
   841 | D:1      | Reached XP level 3. HP: 30/30 MP: 2/2
  1299 | D:2      | Reached XP level 4. HP: 27/36 MP: 3/3
  1373 | D:2      | Noticed Terence
  1388 | D:2      | Killed Terence
  2141 | D:3      | Reached XP level 5. HP: 36/42 MP: 4/4
  2608 | D:3      | Reached skill level 4 in Axes
  3075 | D:4      | Found a staircase to the Ecumenical Temple.
  3080 | D:4      | Reached XP level 6. HP: 45/48 MP: 5/5
  3111 | Temple   | Entered the Ecumenical Temple
  3419 | Temple   | Became a worshipper of Warmaster Okawaru
  3868 | D:4      | Noticed a phantom
  3889 | D:5      | Entered Level 5 of the Dungeon
  4009 | D:5      | Killed from afar by an orc wizard

Action                   |  1- 3 |  4- 6 || total
-------------------------+-------+-------++-------
Melee: Hand axe          |   123 |   296 ||   419
  Use: Potion            |       |     2 ||     2
       Scroll            |       |     3 ||     3
